 Dungeon Crawl Stone Soup version 0.29-a0-234-g0dae59b3db (webtiles) character file.

Game seed: 3732976852789106021

46 bande the Covered (level 3, -2/24 HPs)
             Began as a Gargoyle Fighter on Mar 2, 2022.
             Slain by Crazy Yiuf
             ... wielding a +3 quarterstaff of chaos
              (5 damage)
             ... on level 2 of the Dungeon on Mar 3, 2022.
             The game lasted 00:03:04 (1478 turns).

bande the Covered (Gargoyle Fighter)                Turns: 1478, Time: 00:03:07

Health: -2/24      AC: 16    Str: 25    XL:     3   Next: 68%
Magic:  0/3        EV:  7    Int:  8    God:
Gold:   74         SH:  5    Dex: 11    Spells: 2/2 levels left

rFire   . . .      SeeInvis .   a - +0 war axe
rCold   . . .      Faith    .   c - +1 buckler
rNeg    + . .      Spirit   .   i - +0 chain mail
rPois   ∞          Reflect  .   (no helmet)
rElec   +          Harm     .   (no cloak)
rCorr   .          Rampage  .   (no gloves)
Will    .....                   (no boots)
Stlth   ..........              (no amulet)
HPRegen 0.08/turn               f - +4 ring of protection
MPRegen 0.08/turn               g - +6 ring of strength

@: no status effects
A: sickness immunity, AC +3, negative energy resistance 1, electricity
resistance, torment resistance 1, petrification resistance
a: no special abilities


You were on level 2 of the Dungeon.
You visited 1 branch of the dungeon, and saw 2 of its levels.

You collected 74 gold pieces.

Inventory:

Hand Weapons
 a - a +0 war axe (weapon)
 k - a +0 war axe
Armour
 c - a +1 buckler (worn)
 i - a +0 chain mail (worn)
Jewellery
 f - a +4 ring of protection (left hand)
 g - a +6 ring of strength (right hand)
Scrolls
 b - a scroll of immolation {unknown}
 j - a scroll of fear {unknown}
 l - a scroll of teleportation {unknown}
Potions
 d - a potion of might
 e - 2 potions of invisibility
 h - 2 potions of resistance {unknown}
 m - 2 potions of heal wounds {unknown}
 n - a potion of magic {unknown}
 o - a potion of curing {unknown}
 p - a potion of cancellation {unknown}


   Skills:
 + Level 3.7 Fighting
 + Level 2.1 Axes
 + Level 4.0 Armour
 + Level 3.6 Shields


You had 2 spell levels left.
You didn't know any spells.
Your spell library contained the following spells:

 Spells                   Type           Power      Damage    Failure   Level
 Chain Lightning          Conj/Air       0%         N/A       100%        9
 Fire Storm               Conj/Fire      0%         5d1       100%        9
 Shatter                  Erth           0%         3d5*      100%        9


Dungeon Overview and Level Annotations

Branches:
Dungeon (2/15)

Altars:

Annotations:
D:2 Crazy Yiuf


Innate Abilities, Weirdness & Mutations

You are immune to sickness and miasma.
Your stone body is resilient. (AC +3)
You are immune to poison.
You resist negative energy. (rN+)
You are resistant to electric shocks. (rElec)
You are resistant to unholy torment.
You are immune to petrification.


Message History

There is an open door here.
You see here a +0 trident.
A rat comes into view.
You slash the rat!
You kill the rat!
No target in view!
No target in view!
No target in view!
No target in view!
No target in view!
You now have 55 gold pieces (gained 15).
You now have 70 gold pieces (gained 15).
Found a club.
You now have 74 gold pieces (gained 4).
p - an orange potion You see here 2 javelins.
You see here 2 javelins.
Key pressed, stopping explore.
No target in view!
There is an open door here.
Could not explore, unopened runed door.
You open the door.
Crazy Yiuf says, "Fire!
Snurf shoe sallow."
You hit Crazy Yiuf.
Crazy Yiuf is lightly wounded.
Crazy Yiuf closely misses you.
Crazy Yiuf hits you with a +3 quarterstaff of chaos.
You feel your power leaking away.
You barely miss Crazy Yiuf.
Crazy Yiuf is lightly wounded.
Crazy Yiuf says, "Crazy?
Crazy!?
PORCUPINE!"
Crazy Yiuf hits you but does no damage.
You slash Crazy Yiuf!
Crazy Yiuf is heavily wounded.
Crazy Yiuf hits you with a +3 quarterstaff of chaos!
Crazy Yiuf freezes you.
Crazy Yiuf hits you with a +3 quarterstaff of chaos!
* * * LOW HITPOINT WARNING * * *
Crazy Yiuf burns you.
You die...

### #.# ## ###### ### ♣♣##.####
#. ### #...(# #)..#♣♣ ♣.......#
#. ..###'#### #...g@♣♣♣♣♣.......#
#. .........# #...#♣..♣.........#
#. .........# ### ♣♣♣.♣....#...#
## .........# ♣♣♣♣♣###...#
#........# ##...####
#........################'...'...
#...........#...........##...#...
#...........<....#############...
#..>.............................


You could see Crazy Yiuf.

Vanquished Creatures
  2 adders (D:2)
  2 dart slugs
  2 ball pythons
  6 giant cockroaches (D:1)
  A hobgoblin (D:1)
  2 jackals (D:2)
  3 bats
  3 frilled lizards
  2 kobolds
  2 rats (D:2)
25 creatures vanquished.

Notes
Turn   | Place    | Note
-------+----------+-------------------------------------------
     0 | D:1      | bande the Gargoyle Fighter began the quest for the Orb.
     0 | D:1      | Reached XP level 1. HP: 14/14 MP: 1/1
   353 | D:1      | Reached XP level 2. HP: 19/19 MP: 2/2
   364 | D:1      | Found a faded altar of an unknown god.
   899 | D:2      | Found a runed translucent door.
   900 | D:2      | Noticed Crazy Yiuf
  1027 | D:2      | Reached XP level 3. HP: 24/24 MP: 3/3
  1058 | D:2      | Reached skill level 4 in Armour
  1478 | D:2      | Slain by Crazy Yiuf

Illustrated notes

Levels and vault maps discovered:
D:1:      tarquinn_simple_flora_water_d, layout_basic, basic_ecumenical_altar,
          minmay_worlds_worst_comb
D:2:      layout_basic, uniq_crazy_yiuf_cottage

Skill      XL: |  1  2  3 |
---------------+----------+-----
Axes           | 2 |  2.1
Armour         | 4 |  4.0
Fighting       | |  3.7
Shields        | |  3.6

Action                   || total
-------------------------++-------
Melee: War axe           ||    94
  Use: Scroll            ||     3
Armor: Scale mail        ||    10
       Chain mail        ||    77
Dodge: Dodged            ||    45
Block: Buckler           ||    34

Table legend: (Time is in decaauts)
 A = Elapsed time spent in this place.
 B = Non-inter-level travel time spent in this place.
 C = Inter-level travel time spent in this place.
 D = Time resting spent in this place.
 E = Time spent auto-exploring this place.
 F = Levels seen in this place.
 G = Mean time per level.
                   A        B        C        D        E       F      G
               +--------+--------+--------+--------+--------+-----+--------+
         Total |   1518 |   1490 |     28 |      0 |   1197 |   2 |  759.0 |
       Dungeon |   1518 |   1490 |     28 |      0 |   1197 |   2 |  759.0 |
               +--------+--------+--------+--------+--------+-----+--------+

Top non-repeatable levels by time:
     D:2: 767 daAuts
     D:1: 750 daAuts
